 Dungeon Crawl Stone Soup version 0.28.0-1-gb440e238dd (webtiles) character file.

Game seed: 6252564757759749850

4463 themarg the Destroyer (level 10, -1/54 HPs)
             Began as a Tengu Conjurer on Feb 21, 2022.
             Was a Follower of Vehumet.
             Slain by a death yak (23 damage)
             ... on level 10 of the Dungeon.
             The game lasted 00:47:15 (12001 turns).

themarg the Destroyer (Tengu Conjurer)             Turns: 12001, Time: 00:47:16

Health: -1/54      AC:  8    Str:  9    XL:     10   Next: 37%
Magic:  1/23       EV: 16    Int: 22    God:    Vehumet [*.....]
Gold:   449        SH:  5    Dex: 12    Spells: 16/26 levels left

rFire   . . .      SeeInvis .   w - +4 dagger (drain)
rCold   . . .      Faith    .   (no shield)
rNeg    . . .      Spirit   .   a - +0 robe
rPois   .          Reflect  +   (helmet restricted)
rElec   .          Harm     .   x - +0 cloak
rCorr   .          Rampage  .   r - +0 pair of gloves
Will    .....                   (boots unavailable)
Stlth   +++.......              n - amulet of reflection
HPRegen 0.18/turn               K - +4 ring of protection
MPRegen 0.18/turn               (no ring)

@: flying quickly and evasively, very slightly contaminated, quick
A: beak, talons 3, nimble flight
a: Renounce Religion


You were on level 10 of the Dungeon.
You worshipped Vehumet.
Vehumet was aware of your devotion.
You visited 2 branches of the dungeon, and saw 11 of its levels.

You collected 449 gold pieces.

Inventory:

Hand Weapons
 e - a +0 spear
 g - a +2 dagger of protection
 h - a +2 vorpal hand axe
 w - a +4 dagger of draining (weapon)
Missiles
 f - 318 stones
 J - 17 poisoned darts
 N - 2 throwing nets
 S - a curare-tipped dart
 T - 14 silver boomerangs
Armour
 a - a +0 robe (worn)
 r - a +0 pair of gloves (worn)
 u - a scarf of shadows
 x - a +0 cloak (worn)
Magical Staves
 c - a staff of air
 E - a staff of death
Jewellery
 l - a ring of flight
 n - an amulet of reflection (around neck)
 K - a +4 ring of protection (left hand)
 O - an amulet of regeneration
 Q - a ring of poison resistance
Wands
 C - a wand of mindburst (28)
 D - a wand of flame (29)
 G - a wand of iceblast (24)
 H - a wand of acid (10)
 R - a wand of digging (4)
 W - a wand of polymorph (6)
Scrolls
 d - 2 scrolls of noise {unknown}
 p - 2 scrolls of holy word {unknown}
 t - 2 scrolls of brand weapon {unknown}
 y - 2 scrolls of fog {unknown}
 z - 2 scrolls of teleportation {unknown}
 A - 2 scrolls of magic mapping {unknown}
 B - 3 scrolls of fear
 F - 3 scrolls of enchant armour {unknown}
 M - a scroll of vulnerability {unknown}
Potions
 b - 2 potions of invisibility {unknown}
 i - 2 potions of lignification {unknown}
 j - 2 potions of ambrosia {unknown}
 k - 3 potions of cancellation {unknown}
 m - 5 potions of curing
 o - a potion of heal wounds
 q - a potion of berserk rage {unknown}
 s - 4 potions of attraction
 v - a potion of mutation {unknown}
 I - a potion of brilliance {unknown}
 L - a potion of degeneration {unknown}
 P - a potion of flight {unknown}
 U - a potion of might {unknown}
 V - a potion of resistance {unknown}


   Skills:
 + Level 2.6 Fighting
 + Level 3.0 Short Blades
 + Level 0.9 Polearms
 + Level 4.6 Dodging
 + Level 4.7 Stealth
 + Level 0.8 Shields
 + Level 8.8 Spellcasting
 + Level 12.8 Conjurations


You had 16 spell levels left.
You knew the following spells:

 Your Spells              Type           Power      Damage    Failure   Level
a - Magic Dart            Conj           100%       1d8       1%          1
b - Searing Ray           Conj           100%       2d8       1%          2
c - Dazzling Flash        Conj/Hex       76%        N/A       1%          3
d - Iskenderun's Mystic   Conj/Tloc      38%        2d9       4%          4

Your spell library contained the following spells:

 Spells                   Type           Power      Damage    Failure   Level
 Sandblast                Erth           18%        2d7       7%          1
 Foxfire                  Conj/Fire      100%       2x1d9     1%          1
 Conjure Flame            Conj/Fire      38%        6-21      1%          3
 Flame Wave               Conj/Fire      38%        2d9       4%          4
 Fulminant Prism          Conj/Hex       19%        3d11      4%          4
 Blink                    Tloc           18%        N/A       11%         2
 Corpse Rot               Necr/Air       18%        N/A       11%         2
 Poisonous Vapours        Pois/Air       18%        N/A       11%         2
 Inner Flame              Hex/Fire       9%         N/A       21%         3
 Lesser Beckoning         Tloc           9%         N/A       21%         3
 Tukima's Dance           Hex            9%         N/A       21%         3
 Anguish                  Hex/Necr       4%         N/A       56%         4
 Manifold Assault         Tloc           9%         N/A       88%         5
 Enfeeble                 Hex            4%         N/A       100%        7


Dungeon Overview and Level Annotations

Branches:
Dungeon (10/15)            Temple (1/1) D:7             Orc (0/2) D:9
   Lair: D:8-11

Altars:
Dithmenos
Fedhas
Nemelex Xobeh
Qazlal
Ru
Vehumet
Xom
Zin

Shops:
D:1 ![(   D:5 *   D:10 (

Annotations:
D:2 exclusion: downstairs
D:9 3 runed translucent doors, exclusion: downstairs, Snicker's ghost, novice DsDe
D:10 exclusion: door, Fannar


Innate Abilities, Weirdness & Mutations

You have a beak for a mouth.
You have claws for feet.
Your magical nature lets you fly swiftly and evasively.


Message History

Confirm with . or Enter, or press ? or * to list all spells.
You erupt in a blast of force!
The mystic blast hits the centaur warrior!
The centaur warrior is lightly wounded.
The mystic blast hits the death yak!
The death yak is moderately wounded.
The death yak is knocked back by the mystic blast.
The death yak slams into the rock wall!
The death yak is moderately wounded.
The mystic blast hits the death yak.
The death yak is moderately wounded.
The death yak is knocked back by the mystic blast.
The death yak slams into the rock wall!
The mystic blast hits the death yak.
The death yak is moderately wounded.
The death yak is knocked back by the mystic blast.
The death yak barely misses you.
Casting: Iskenderun's Mystic Blast (dangerous; 4% risk of failure)
Confirm with . or Enter, or press ? or * to list all spells.
You miscast Iskenderun's Mystic Blast.
You are very lightly contaminated with residual magic.
Nothing appears to happen.
The death yak gores you. The death yak misses you. The death yak gores you.
Casting: Iskenderun's Mystic Blast (dangerous; 4% risk of failure)
Confirm with . or Enter, or press ? or * to list all spells.
You don't have enough magic to cast this spell.
Casting: Iskenderun's Mystic Blast (dangerous; 4% risk of failure)
Confirm with . or Enter, or press ? or * to list all spells.
Casting: Dazzling Flash (safe; 1% risk of failure)
Press: ? - help, Dir - look around, f - activate The death yak is dazzled.
The centaur warrior is dazzled.
The death yak gores you!
The centaur warrior wields a +0 longbow.
The centaur warrior shoots an arrow.
The arrow closely misses the death yak.
The arrow closely misses you.
The arrow hits the death yak!!
The death yak snorts and paws the ground.
The death yak gores you!!
The death yak gores you but does no damage.
The centaur warrior shoots an arrow.
The arrow hits the death yak!
The death yak gores you!!
You die...

# ########'###
###### #..........#
.....####..........#
.##..+..#.......#..#
..#..##e#≈.....≈#..#
.....# #≈≈...≈≈#..#
.....# ##≈≈♣≈≈##..#
.....# #######YY.#
..#..# #Y@Y.# .##..#
#c##### ###### ..
..# . #+


You could see 4 death yaks and a centaur warrior (blind).

Vanquished Creatures
  A kobold demonologist (D:10)
  A troll (D:5)
  Grinder (D:3)
  Sigmund (D:3)
  A shadow (D:5)
  Eustachio (D:6)
  A wyvern (D:9)
  Duvessa (D:7)
  A black bear (D:6)
  2 orc warriors
  5 centaurs
  A phantom (D:4)
  3 kobold brigands
  A gnoll sergeant (D:6)
  4 bullfrogs
  3 scorpions
  A wyvern zombie (D:8)
  A water moccasin skeleton (D:4)
  Dowan (D:7)
  8 wights (D:8)
  8 howler monkeys
  A centaur zombie (D:6)
  2 hounds
  A jelly (D:6)
  A gnoll shaman (D:7)
  An orc priest (D:5)
  Crazy Yiuf (D:3)
  A bullfrog skeleton (D:5)
  2 centaur skeletons
  Jessica (D:3)
  Terence (D:3)
  3 iguanas (D:4)
  6 orc wizards
  A hound skeleton (D:5)
  2 howler monkey zombies (D:5)
  7 gnolls
  5 adders
  2 howler monkey skeletons
  A shadow imp (D:5)
  2 white imps
  A worm (D:3)
  2 dart slugs (D:2)
  15 orcs
  9 ball pythons
  3 bats
  3 endoplasms (D:1)
  2 giant cockroaches (D:1)
  9 goblins
  10 hobgoblins
  3 jackals (D:3)
  18 kobolds
  4 quokkas
  4 frilled lizards
  2 rats
173 creatures vanquished.

Notes
Turn   | Place    | Note
-------+----------+-------------------------------------------
     0 | D:1      | themarg the Tengu Conjurer began the quest for the Orb.
     0 | D:1      | Reached XP level 1. HP: 10/10 MP: 4/4
    51 | D:1      | Found a faded altar of an unknown god.
   245 | D:1      | Reached XP level 2. HP: 15/15 MP: 4/6
   370 | D:1      | Reached skill level 6 in Conjurations
   475 | D:1      | Found Asaodgh's Weapon Shoppe.
   686 | D:1      | Reached XP level 3. HP: 19/19 MP: 3/7
   689 | D:1      | Learned a level 2 spell: Searing Ray
   896 | D:1      | Found Wounut's Distillery.
  1202 | D:1      | Found Wuennaint's Armour Shoppe.
  1726 | D:2      | Found a sparkling altar of Nemelex Xobeh.
  1755 | D:2      | Reached XP level 4. HP: 21/24 MP: 5/8
  2286 | D:3      | Noticed Sigmund
  2337 | D:3      | Reached skill level 7 in Conjurations
  2527 | D:3      | Noticed Terence
  2568 | D:3      | Killed Terence
  2939 | D:3      | Noticed Jessica
  2940 | D:3      | Killed Jessica
  2941 | D:3      | Gained mutation: Your magical nature lets you fly swiftly
                  | and evasively. [Tengu growth]
  2941 | D:3      | Reached XP level 5. HP: 28/28 MP: 6/9
  3280 | D:3      | Noticed Grinder
  3289 | D:3      | Killed Grinder
  3290 | D:3      | Reached skill level 8 in Conjurations
  3290 | D:3      | Reached XP level 6. HP: 33/33 MP: 2/12
  3591 | D:3      | Reached skill level 1 in Fighting
  3643 | D:3      | Found a runed translucent door.
  3644 | D:3      | Noticed Crazy Yiuf
  3977 | D:3      | Killed Crazy Yiuf
  4132 | D:3      | Learned a level 3 spell: Dazzling Flash
  4148 | D:3      | Killed Sigmund
  4149 | D:3      | Reached skill level 1 in Short Blades
  4149 | D:3      | Reached XP level 7. HP: 28/38 MP: 7/14
  4714 | D:4      | Reached skill level 9 in Conjurations
  4953 | D:4      | Reached XP level 8. HP: 44/44 MP: 7/16
  5200 | D:5      | Entered Level 5 of the Dungeon
  5288 | D:5      | Noticed a shadow
  5293 | D:5      | Killed a shadow
  5294 | D:5      | Reached skill level 5 in Spellcasting
  5368 | D:5      | Found Vetz's Assorted Antiques.
  5728 | D:5      | Noticed a troll
  5736 | D:5      | Killed a troll
  6179 | D:5      | Reached skill level 10 in Conjurations
  6538 | D:6      | Reached XP level 9. HP: 48/48 MP: 6/19
  6918 | D:6      | Noticed Eustachio
  6937 | D:6      | Killed Eustachio
  7548 | D:7      | Reached skill level 11 in Conjurations
  7681 | D:7      | Learned a level 4 spell: Iskenderun's Mystic Blast
  8447 | D:7      | Noticed Dowan
  8454 | D:7      | Noticed Duvessa
  8460 | D:7      | Killed Duvessa
  8531 | D:7      | Killed Dowan
  8605 | D:7      | Found a staircase to the Ecumenical Temple.
  8642 | Temple   | Entered the Ecumenical Temple
  8664 | Temple   | Became a worshipper of Vehumet
  9797 | D:8      | Reached XP level 10. HP: 43/53 MP: 16/23
  9883 | D:8      | Reached skill level 12 in Conjurations
 10308 | D:9      | Found a staircase to the Orcish Mines.
 10849 | D:9      | Reached * piety under Vehumet
 10849 | D:9      | Offered knowledge of Sandblast by Vehumet.
 10975 | D:9      | Found a runed translucent gate.
 10976 | D:9      | Found a runed translucent gate.
 10977 | D:9      | Found a runed translucent gate.
 10978 | D:9      | Noticed Snicker's ghost (novice DsDe)
 11032 | D:10     | Entered Level 10 of the Dungeon
 11479 | D:10     | Found Axzy's Weapon Shoppe.
 11491 | D:10     | Noticed Fannar
 11509 | D:10     | Noticed a death yak
 11510 | D:10     | Noticed a kobold demonologist
 11511 | D:10     | Noticed a death yak
 11511 | D:10     | Noticed a death yak
 11512 | D:10     | Noticed a death yak
 11513 | D:10     | Noticed a death yak
 11514 | D:10     | Noticed a death yak
 11516 | D:10     | Noticed a death yak
 11726 | D:10     | Found a stormy altar of Qazlal.
 11732 | D:10     | Identified the +1 ring mail "Zowe" {Str+4}
 11749 | D:10     | Noticed a kobold demonologist
 11757 | D:10     | Killed a kobold demonologist
 11845 | D:10     | Noticed a death yak
 11997 | D:10     | Noticed a centaur warrior
 12001 | D:10     | Slain by a death yak

Illustrated notes

Levels and vault maps discovered:
D:1:      nagdon_arrival_zigzag_paths, layout_basic, serial_shops, shop, shop,
          nicolae_shop_trees, dreamdust_ecumenical_altar_grove,
          item_on_display_a
D:2:      layout_loops_ring, basic_altar, minmay_liquid_box,
          minmay_misc_feat_four_crosses, st_stairs_12, feat_on_display
D:3:      layout_loops_corners, uniq_grinder, uniq_terence, uniq_sigmund,
          uniq_jessica, uniq_crazy_yiuf_cottage
D:4:      layout_rooms
D:5:      layout_basic, serial_shops, nicolae_square_shop, minmay_small_thing
D:6:      layout_rooms, uniq_eustachio
D:7:      layout_gridville, minmay_temple_entry_butterflies, uniq_duvessa
D:8:      layout_gridville
D:9:      layout_basic, orc_0_dummy, ebering_ghost_rock_garden,
          minmay_unpleasant_kobolds
D:10:     layout_roguey, mainiacjoe_overflow_24_doors, dpeg_lair_monsters,
          serial_shops, nicolae_shop_bloodbath_and_beyond, kennysheep_nub,
          grunt_decor_mini_mirrors, uniq_fannar
Temple:   mainiacjoe_temple_circle_huts

Skill      XL: |  1  2  3  4  5  6  7  8  9 10 |
---------------+-------------------------------+-----
Conjurations   | 6 7 8 9 10 11 12 | 12.8
Spellcasting   | 3 4 6 8 |  8.8
Fighting       | 1 2 |  2.6
Short Blades   | 1 2 3 |  3.0
Dodging        | 3 4 |  4.6
Stealth        | 3 4 |  4.7
Polearms       | |  0.9
Shields        | |  0.8

Action                   |  1- 3 |  4- 6 |  7- 9 | 10-12 || total
-------------------------+-------+-------+-------+-------++-------
Melee: Spear             |     9 |       |       |       ||     9
       Kick              |     6 |     5 |    10 |     1 ||    22
       Peck              |     1 |     1 |     5 |     1 ||     8
       Punch             |     1 |       |       |       ||     1
       Dagger            |     5 |    18 |    32 |     6 ||    61
 Cast: Magic Dart        |    52 |    36 |   149 |    15 ||   252
       Searing Ray       |       |    11 |    59 |    23 ||    93
       Iskenderun's Myst |       |       |       |     9 ||     9
       Dazzling Flash    |       |       |       |     1 ||     1
  Use: Scroll            |       |       |     4 |       ||     4
       Potion            |       |       |       |     1 ||     1
 Stab: Sleeping          |       |       |     2 |       ||     2
Armor: Robe              |       |     5 |    16 |    16 ||    37
Dodge: Dodged            |     7 |    13 |    40 |    23 ||    83
Block: Other             |       |       |     5 |    11 ||    16
       Reflection        |       |       |     4 |     2 ||     6
